 Dungeon Crawl Stone Soup version 0.21.1-1-g345015f (webtiles) character file.

23 robbits the Charmwright (level 3, 0/31 HPs)
             Began as a Gnoll Skald on May 24, 2018.
             Succumbed to an adder's poison
             ... on level 2 of the Dungeon.
             The game lasted 00:02:29 (946 turns).

robbits the Charmwright (Gnoll Skald)                Turns: 946, Time: 00:02:30

Health: 0/31       AC:  3    Str: 13    XL:     3   Next: 0%
Magic:  2/9        EV: 14    Int: 16    God:
Gold:   117        SH:  0    Dex: 14    Spells: 10/11 levels left

rFire    . . .     SeeInvis .   a - +0 falchion
rCold    . . .     Gourm    .   (no shield)
rNeg     . . .     Faith    .   b - +0 leather armour
rPois    .         Spirit   .   (no helmet)
rElec    .         Reflect  .   (no cloak)
rCorr    .         Harm     .   (no gloves)
MR       .....                  (no boots)
Stlth    +.........             (no amulet)
HPRegen  0.10/turn              (no ring)
MPRegen  0.11/turn              (no ring)

@: lethally poisoned (0 -> -11), infused
A: distributed training, fangs 1, strong nose
a: no special abilities


You were on level 2 of the Dungeon.
You were not hungry.

You visited 1 branch of the dungeon, and saw 2 of its levels.

You collected 117 gold pieces.

Inventory:

Hand Weapons
 a - a +0 falchion (weapon)
Armour
 b - a +0 leather armour (worn)
Jewellery
 g - a cursed ring of loudness {unknown}
 h - an uncursed ring of flight {unknown}
Scrolls
 e - a scroll of teleportation {unknown}
 i - a scroll of blinking {unknown}
 k - a scroll of enchant armour {unknown}
Potions
 f - a potion of cancellation {unknown}
 j - a potion of curing {unknown}
Books
 c - a book of Battle

   Spells                             Type                      Level
   a - Infusion                       Charms                       1
   b - Shroud of Golubria             Charms/Translocation         2
   c - Song of Slaying                Charms                       2
   d - Spectral Weapon                Hexes/Charms                 3
   e - Regeneration                   Charms/Necromancy            3
Comestibles
 d - 3 rations


   Skills:
 + Level 4.5 Fighting
 + Level 0.5 Short Blades
 + Level 4.5 Long Blades
 + Level 0.5 Axes
 + Level 0.5 Maces & Flails
 + Level 0.5 Polearms
 + Level 0.5 Staves
 + Level 0.5 Slings
 + Level 0.5 Bows
 + Level 0.5 Crossbows
 + Level 0.5 Throwing
 + Level 2.5 Armour
 + Level 4.5 Dodging
 + Level 0.5 Stealth
 + Level 0.5 Shields
 + Level 0.5 Unarmed Combat
 + Level 4.9 Spellcasting
 + Level 0.4 Conjurations
 + Level 0.4 Hexes
 + Level 5.4 Charms
 + Level 0.4 Summonings
 + Level 0.4 Necromancy
 + Level 0.4 Translocations
 + Level 0.4 Transmutations
 + Level 0.4 Fire Magic
 + Level 0.4 Ice Magic
 + Level 0.4 Air Magic
 + Level 0.4 Earth Magic
 + Level 0.4 Poison Magic
 + Level 0.7 Invocations
 + Level 0.5 Evocations


You had 10 spell levels left.
You knew the following spells:

 Your Spells              Type           Power        Failure   Level  Hunger
a - Infusion              Chrm           ###.         1%          1    None


Dungeon Overview and Level Annotations

Branches:
Dungeon (2/15)

Altars:


Innate Abilities, Weirdness & Mutations

Your experience applies equally to all skills.
You have very sharp teeth.
Your uncanny sense of smell can sniff out nearby items.


Message History

You kill the adder!
You have reached level 3!
Your experience leads to an increase in your attributes!
Increase (S)trength, (I)ntelligence, or (D)exterity?
You feel clever.
* * * LOW HITPOINT WARNING * * *
You feel sick.
Okay, then.
Casting: Infusion
Confirm with . or Enter, or press ? or * to list all spells.
You don't know that spell.
Casting: Infusion
Confirm with . or Enter, or press ? or * to list all spells.
Okay, then.
You barely miss the worm.
* * * LOW HITPOINT WARNING * * *
You feel sick.
You hit the worm.
The worm is moderately wounded.
You die...

#.##.# .. #.#..# ...
##### #.#..#
....#...# #.#.##
....#...# #.#.#
........########.#.#
........##......(#.#
..$...†.##.#######.#
........w@.##......#
........#####.######
........# #...#
....##### ####.# ...
#..#.# .. #..#.### #
#..#...# #..###.#
#..#.#.#


You could see a worm.

Vanquished Creatures
  An adder (D:2)
  4 goblins
  3 hobgoblins
  A frilled lizard (D:2)
  2 kobolds (D:1)
  3 rats
14 creatures vanquished.

Notes
Turn   | Place    | Note
-------+----------+-------------------------------------------
     0 | D:1      | robbits the Gnoll Skald began the quest for the Orb.
     0 | D:1      | Reached XP level 1. HP: 20/20 MP: 6/6
   425 | D:1      | Reached XP level 2. HP: 16/26 MP: 7/7
   944 | D:2      | Reached XP level 3. HP: 3/31 MP: 3/9
   945 | D:2      | HP: 1/31 [poisoned by an adder]
   946 | D:2      | Succumbed to an adder's poison

Action                   || total
-------------------------++-------
Melee: Falchion          ||    38
       Bite              ||     2
 Cast: Infusion          ||     1
 Stab: Sleeping          ||     1
Armor: Leather armour    ||     7
Dodge: Dodged            ||    24
       Rpst.: Falchion   ||     8
